AoeStats
← Horizon

Arabia

507589804Analyzed
4v4 RM · 14d ago on Sep 18, 2026· 32m 28s· 8 players
Game mode
Random Map
Map size
Large (8 player)
Population
200
Speed
Normal
Resources
Standard
Victory
Conquest
Starting age
Dark Age
Ending age
Imperial Age
RankedLock teamsTeams togetherTeam positionsShared explorationLock speedFull tech treeHidden civsTurbo modeCheats
Victory
Defeat
🇵🇰 Khmer · Pakistan
1487
+12
🇩🇪 Shu · Germany
1455
+13
🇨🇦 Persians · Canada
1411
+15
🇰🇷 Britons · South Korea
1249
+23
🇩🇪 Britons · Germany
1491
-19
🇩🇪 Franks · Germany
1467
-19
🇩🇪 Persians · Germany
1405
-16
🇩🇪 Huns · Germany
1216
-9
Ghost
7:04 Loom
10:01 Feudal Age
10:51 Double-Bit Axe
15:03 Scale Barding Armor
19:45 Forging
21:11 Wheelbarrow
24:17 Castle Age
22:40 Bloodlines
23:33 Horse Collar
25:02 Bow Saw
25:32 Chain Barding Armor
_EA_Baer
4:02 Loom
9:23 Feudal Age
14:19 Double-Bit Axe
16:04 Scale Barding Armor
28:05 Castle Age
LukasPlanet
5:07 Loom
9:01 Feudal Age
17:24 Scale Barding Armor
19:30 Forging
22:55 Wheelbarrow
27:22 Castle Age
29:20 Chain Barding Armor
29:35 Iron Casting
29:15 Husbandry
30:40 Gold Mining
31:36 Double-Bit Axe
vR-MrReD
6:18 Loom
9:34 Feudal Age
11:21 Double-Bit Axe
14:41 Fletching
17:05 Padded Archer Armor
23:10 Wheelbarrow
27:02 Castle Age
26:12 Gold Mining
26:06 Horse Collar
27:25 Wheelbarrow
27:07 Crossbowman
27:44 Bodkin Arrow
Haider_435
6:39 Loom
8:45 Feudal Age
12:36 Fletching
16:11 Padded Archer Armor
19:49 Double-Bit Axe
25:13 Castle Age
23:23 Horse Collar
23:42 Gold Mining
25:14 Crossbowman
25:51 Bodkin Arrow
27:22 Ballistics
27:56 Thumb Ring
28:39 Leather Archer Armor
29:36 Bow Saw
35:03 Imperial Age
Ismail
9:26 Feudal Age
7:47 Loom
9:48 Double-Bit Axe
10:40 Horse Collar
11:27 Horse Collar
20:54 Wheelbarrow
23:47 Castle Age
22:08 Gold Mining
23:04 Scale Barding Armor
23:27 Bloodlines
24:50 Chain Barding Armor
24:46 Bow Saw
25:07 Forging
25:37 Heavy Plow
26:28 Husbandry
32:38 Fletching
Horizon
6:03 Loom
9:14 Feudal Age
9:48 Double-Bit Axe
15:35 Horse Collar
16:27 Scale Barding Armor
18:57 Bloodlines
21:03 Town Watch
24:25 Castle Age
23:00 Gold Mining
24:17 Forging
25:26 Chain Barding Armor
25:08 Husbandry
25:37 Bow Saw
25:04 Light Cavalry
32:42 Iron Casting
PAWA
6:29 Loom
9:02 Feudal Age
17:34 Fletching
19:37 Padded Archer Armor
21:16 Double-Bit Axe
23:20 Horse Collar
28:40 Castle Age
28:46 Gold Mining
28:43 Crossbowman
29:23 Bodkin Arrow
Connection lost

Rejoining the realm…

Still unreachable

The connection could not be restored.

Session expired

The server has moved on; the page needs a fresh start.